 Dungeon Crawl Stone Soup version 0.29-a0-857-g9b1aa3ac5b (webtiles) character file.

Game seed: 11936571203649800543

97 MisterAzrael the Insei (level 5, -3/41 HPs)
             Began as a Human Monk on July 16, 2022.
             Killed from afar by an orc wizard (5 damage)
             ... with a puff of flame
             ... on level 3 of the Dungeon.
             The game lasted 00:04:11 (3087 turns).

MisterAzrael the Insei (Human Monk)                 Turns: 3087, Time: 00:04:12

Health: -3/41      AC:  3    Str: 12    XL:     5   Next: 0%
Magic:  5/5        EV: 17    Int: 15    God:
Gold:   84         SH:  0    Dex: 14    Spells: 4/4 levels left

rFire   + . .      SeeInvis .     - Unarmed
rCold   + . .      Faith    .   (no shield)
rNeg    . . .      Spirit   .   a - +0 robe
rPois   .          Reflect  .   g - +0 helmet
rElec   .          Harm     .   b - scarf {rC+ rF+}
rCorr   .          Rampage  .   (no gloves)
Will    .....                   (no boots)
Stlth   ++........              (no amulet)
HPRegen 0.13/turn               k - +4 ring of evasion
MPRegen 0.09/turn               (no ring)

@: no status effects
A: clever 1
a: no special abilities


You were on level 3 of the Dungeon.
You visited 1 branch of the dungeon, and saw 3 of its levels.

You collected 84 gold pieces.

Inventory:

Missiles
 d - 5 boomerangs (quivered)
Armour
 a - a +0 robe (worn)
 b - a scarf of resistance (worn)
 g - a +0 helmet (worn)
Jewellery
 k - a +4 ring of evasion (left hand)
Scrolls
 c - 2 scrolls of magic mapping
 f - a scroll of enchant armour {unknown}
 h - a scroll of identify {unknown}
 j - 2 scrolls of enchant weapon {unknown}
 l - a scroll of poison {unknown}
 n - 2 scrolls of silence {unknown}
Potions
 m - a potion of heal wounds {unknown}


   Skills:
 + Level 3.6 Fighting
 + Level 3.6 Dodging
 - Level 2.0 Stealth
 * Level 4.3 Unarmed Combat


You had 4 spell levels left.
You didn't know any spells.
Your spell library contained the following spells:

 Spells                   Type           Power      Damage    Failure   Level
 Apportation              Tloc           0%         N/A       26%         1
 Necrotise                Necr           0%         1d4       26%         1
 Summon Small Mammal      Summ           0%         N/A       26%         1
 Ozocubu's Armour         Ice            0%         N/A       63%         3
 Ozocubu's Refrigeration  Ice            0%         4d5       100%        7


Dungeon Overview and Level Annotations

Branches:
Dungeon (3/15)

Altars:
Makhleb

Annotations:
D:2 Sigmund


Innate Abilities, Weirdness & Mutations

Your mind is acute. (Int +4, Str/Dex -1)


Message History

You hear some strange, mumbled words.
A puff of flame appears from out of thin air!
The puff of flame hits something!
Reactivating autopickup.
You feel a bit more experienced.
You have reached level 5!
The orc wizard gestures at you while chanting.
The magic dart hits you.
* * * LOW HITPOINT WARNING * * *
You hear some strange, mumbled words.
Deactivating autopickup; reactivate with Ctrl-A.
Something tries to affect you, but you resist.
Items here: ! $ ) [.
You barely miss something.
The orc wizard gestures at you while chanting.
The puff of flame hits you. You resist.
* * * LOW HITPOINT WARNING * * *
Something hits you.
* * * LOW HITPOINT WARNING * * *
You closely miss something.
An orc wizard appears from thin air!
Reactivating autopickup.
The orc wizard gestures wildly while chanting.
The orc wizard flickers and vanishes!
Deactivating autopickup; reactivate with Ctrl-A.
The orc wizard barely misses you.
You barely miss something. The orc wizard barely misses you.
Something barely misses you.
You barely miss the orc wizard.
The orc wizard hits you but does no damage.
Something hits you but does no damage.
You hit the orc wizard.
The orc wizard is lightly wounded.
The orc wizard hits you but does no damage.
Something hits you.
* * * LOW HITPOINT WARNING * * *
You barely miss the orc wizard.
The orc wizard is lightly wounded.
The orc wizard points at you and mumbles some strange words.
The puff of flame hits you. You resist.
You die...

...................#....##..
.......†............#...###.
..###....>.#.#..........#...
.)....###...##....... ##.##
..##### ##...##......##..#
#.....######...##
##......##...###
.#.#######.........###
........)@{..###........<#
....>#####o..............#
... #######.........# .
##........# #........#
#........# ##########


You could see an orc wizard.

Vanquished Creatures
  2 adders (D:2)
  3 worms
  A dart slug (D:2)
  2 orcs (D:3)
  2 endoplasms
  4 giant cockroaches
  8 goblins
  9 hobgoblins
  2 kobolds
  3 quokkas
  5 ball pythons
  7 bats
  6 frilled lizards
  4 rats
58 creatures vanquished.

Vanquished Creatures (others)
  An orc wizard (D:3)
  13 plants (D:2)
14 creatures vanquished.

Grand Total: 72 creatures vanquished

Notes
Turn   | Place    | Note
-------+----------+-------------------------------------------
     0 | D:1      | MisterAzrael the Human Monk began the quest for the Orb.
     0 | D:1      | Reached XP level 1. HP: 18/18 MP: 1/1
   383 | D:1      | Reached XP level 2. HP: 21/24 MP: 2/2
  1262 | D:1      | Reached XP level 3. HP: 28/29 MP: 3/3
  1579 | D:2      | Noticed Sigmund
  2069 | D:2      | Reached XP level 4. HP: 4/35 MP: 4/4
  2107 | D:2      | Reached skill level 4 in Unarmed Combat
  2379 | D:2      | Found a faded altar of an unknown god.
  2485 | D:2      | Gained mutation: Your mind is acute. (Int +4, Str/Dex -1)
                  | [potion of mutation]
  2959 | D:3      | Found a burning altar of Makhleb.
  3081 | D:3      | Reached XP level 5. HP: 15/41 MP: 5/5
  3082 | D:3      | HP: 2/41 [something (3)]
  3087 | D:3      | Killed from afar by an orc wizard

Illustrated notes

Levels and vault maps discovered:
D:1:      minmay_arrival_up_and_down, layout_basic, dreamdust_princess_bridge,
          chequers_serial_rivers_large_a, dreamdust_mushroom_princess,
          minmay_misc_feat_enclosed, minivault_26, minmay_misc_feat_cross,
          serial_bayou_lagoon_a
D:2:      minmay_diamond_boxcup, layout_basic, nicolae_ecumenical_lake_church,
          minmay_misc_feat_chi, serial_bayou_pond_c, st_stairs_1,
          kennysheep_path_1, uniq_sigmund
D:3:      wad_pebble_path, layout_rooms, bloody_makhleb

Skill      XL: |  1  2  3  4 |
---------------+-------------+-----
Unarmed Combat | 4 |  4.3
Fighting       | |  3.6
Dodging        | |  3.6
Stealth        | |  2.0

Action                   |  1- 3 |  4- 6 || total
-------------------------+-------+-------++-------
Melee: Unarmed           |   132 |   121 ||   253
       Punch             |     4 |     2 ||     6
  Use: Potion            |       |     3 ||     3
       Scroll            |       |     2 ||     2
 Stab: Sleeping          |     1 |     3 ||     4
Armor: Robe              |    26 |    23 ||    49
Dodge: Dodged            |   119 |   103 ||   222

Table legend: (Time is in decaauts)
 A = Elapsed time spent in this place.
 B = Non-inter-level travel time spent in this place.
 C = Inter-level travel time spent in this place.
 D = Time resting spent in this place.
 E = Time spent auto-exploring this place.
 F = Levels seen in this place.
 G = Mean time per level.
                   A        B        C        D        E       F      G
               +--------+--------+--------+--------+--------+-----+--------+
         Total |   3094 |   3078 |     16 |    693 |   1731 |   3 | 1031.3 |
       Dungeon |   3094 |   3078 |     16 |    693 |   1731 |   3 | 1031.3 |
               +--------+--------+--------+--------+--------+-----+--------+

Top non-repeatable levels by time:
     D:1: 1595 daAuts
     D:2: 932 daAuts
     D:3: 566 daAuts
